 Dungeon Crawl Stone Soup version 0.29.1-12-g30fa7ad0bf (webtiles) character file.

Game seed: 12717297509862082046

1576 wormed the Firebug (level 8, 0/60 HPs)
             Began as a Gnoll Fire Elementalist on Dec 25, 2022.
             Succumbed to a killer bee's poison
             ... on level 6 of the Dungeon.
             The game lasted 00:13:01 (7308 turns).

wormed the Firebug (Gnoll Fire Elementalist)        Turns: 7308, Time: 00:13:02

Health: 0/60       AC:  7    Str: 10    XL:     8   Next: 91%
Magic:  0/17       EV: 14    Int: 17    God:
Gold:   362        SH:  0    Dex: 13    Spells: 16/19 levels left

rFire   . . .      SeeInvis .   D - +0 rapier
rCold   + . .      Faith    .   (no shield)
rNeg    + . .      Spirit   .   a - +0 robe
rPois   .          Reflect  .   s - +0 helmet
rElec   .          Harm     .   G - +0 cloak
rCorr   .          Rampage  .   l - +2 pair of gloves {Str+3}
Will    .....                   (no boots)
Stlth   +++.......              (no amulet)
HPRegen 0.20/turn               w - ring of protection from cold
MPRegen 0.15/turn               C - ring of positive energy

@: lethally poisoned (0 -> -5)
A: fangs 1, strong nose, distributed training
a: no special abilities


You were on level 6 of the Dungeon.
You visited 1 branch of the dungeon, and saw 6 of its levels.
You also visited: Sewer.

You collected 362 gold pieces.

Inventory:

Hand Weapons
 m - a +0 dagger
 D - a +0 rapier (weapon)
Armour
 a - a +0 robe (worn)
 l - a +2 pair of gloves of strength (worn)
 s - a +0 helmet (worn)
 G - a +0 cloak (worn)
Jewellery
 u - a ring of fire
 w - a ring of protection from cold (left hand)
 C - a ring of positive energy (right hand)
Scrolls
 c - 2 scrolls of poison {unknown}
 d - 4 scrolls of teleportation {unknown}
 e - 2 scrolls of enchant weapon {unknown}
 g - 4 scrolls of vulnerability {unknown}
 i - a scroll of noise {unknown}
 q - a scroll of torment {unknown}
 t - a scroll of blinking {unknown}
 v - 3 scrolls of amnesia {unknown}
 y - 2 scrolls of fear {unknown}
 A - 2 scrolls of brand weapon {unknown}
Potions
 b - a potion of lignification
 f - a potion of ambrosia
 h - 2 potions of berserk rage
 j - 3 potions of brilliance
 k - a potion of attraction
 o - 2 potions of flight {unknown}
 r - a potion of invisibility {unknown}
 x - 2 potions of curing {unknown}
 z - a potion of degeneration {unknown}
 B - a potion of resistance {unknown}
 E - a potion of haste {unknown}
 F - a potion of mutation {unknown}


   Skills:
 + Level 3.8 Fighting
 + Level 3.8 Short Blades
 + Level 3.8 Long Blades
 + Level 3.8 Axes
 + Level 3.8 Maces & Flails
 + Level 3.8 Polearms
 + Level 3.8 Staves
 + Level 3.8 Ranged Weapons
 + Level 3.8 Throwing
 + Level 3.8 Armour
 + Level 6.0 Dodging
 + Level 5.7 Stealth
 + Level 3.8 Shields
 + Level 3.8 Unarmed Combat
 + Level 6.3 Spellcasting
 + Level 3.8 Conjurations
 + Level 3.1 Hexes
 + Level 3.1 Summonings
 + Level 3.1 Necromancy
 + Level 3.1 Translocations
 + Level 3.1 Transmutations
 + Level 6.3 Fire Magic
 + Level 3.1 Ice Magic
 + Level 3.1 Air Magic
 + Level 3.1 Earth Magic
 + Level 3.1 Poison Magic
 + Level 4.2 Invocations
 + Level 3.8 Evocations


You had 16 spell levels left.
You knew the following spells:

 Your Spells              Type           Power      Damage    Failure   Level
a - Foxfire               Conj/Fire      88%        2x1d8     1%          1
b - Scorch                Fire           54%        2d8       1%          2

Your spell library contained the following spells:

 Spells                   Type           Power      Damage    Failure   Level
 Magic Dart               Conj           72%        1d6       2%          1
 Beastly Appendage        Tmut           32%        N/A       3%          1
 Shock                    Conj/Air       68%        1d7       3%          1
 Slow                     Hex            64%        N/A       3%          1
 Searing Ray              Conj           36%        2d5       3%          2
 Wereblood                Tmut           16%        N/A       4%          2
 Conjure Flame            Conj/Fire      22%        6-21      4%          3
 Inner Flame              Hex/Fire       21%        N/A       5%          3
 Confusing Touch          Hex            16%        N/A       10%         3
 Ozocubu's Armour         Ice            16%        N/A       10%         3
 Spider Form              Tmut/Pois      16%        N/A       10%         3
 Swiftness                Air            16%        N/A       10%         3
 Tukima's Dance           Hex            16%        N/A       10%         3
 Vampiric Draining        Necr           16%        2d7       10%         3
 Flame Wave               Conj/Fire      22%        2d8       16%         4
 Fulminant Prism          Conj/Hex       8%         3d7       28%         4
 Airstrike                Air            8%         2d(2-18)  32%         4
 Passage of Golubria      Tloc           16%        N/A       32%         4
 Metabolic Englaciation   Hex/Ice        8%         N/A       67%         5
 Yara's Violent Unravell  Hex/Tmut       8%         3d5       67%         5
 Simulacrum               Ice/Necr       8%         N/A       99%         6


Dungeon Overview and Level Annotations

Branches:
Dungeon (6/15)             Temple (0/1) D:6           Sewer (visited)

Altars:


Innate Abilities, Weirdness & Mutations

You have very sharp teeth.
Your uncanny sense of smell can sniff out nearby items.
Your experience applies equally to all skills.


Message History

You feel very sick. The killer bee closely misses you.
The killer bee stings you but does no damage.
The killer bee barely misses you.
The killer bee stings you but does no damage.
You closely miss the killer bee. You bite the killer bee.
The killer bee is severely wounded.
You feel very sick.
The killer bee stings you but does no damage. x2
The killer bee closely misses you. The killer bee misses you.
You barely miss the killer bee.
The killer bee is severely wounded.
You feel sick. The killer bee barely misses you. x2
The killer bee closely misses you. The killer bee stings you.
* * * LOW HITPOINT WARNING * * *
Casting: Foxfire (safe; 1% risk of failure)
Confirm with . or Enter, or press ? or * to list all spells.
You conjure some foxfire!
You feel sick.
The killer bee stings you but does no damage. x2
The killer bee stings you.
* * * LOW HITPOINT WARNING * * *
The killer bee stings you but does no damage.
You hit the killer bee but do no damage.
Your bite misses the killer bee.
* * * LOW HITPOINT WARNING * * *
You feel sick.
The foxfire hits the killer bee.
The killer bee is almost dead.
The foxfire hits the killer bee but does no damage.
The killer bee is almost dead.
The killer bee barely misses you. The killer bee stings you.
* * * LOW HITPOINT WARNING * * *
The killer bee stings you.
* * * LOW HITPOINT WARNING * * *
The killer bee misses you.
Casting: Foxfire (safe; 1% risk of failure)
Confirm with . or Enter, or press ? or * to list all spells.
You don't have enough magic to cast this spell.
You miss the killer bee.
The killer bee is almost dead.
You die...

..#.##.#.# ##. .......#.#
..... .#.#...#.## #...# .
......#...# #...##.
#.#.#...#.# #......
......#...#######...#
#.>.#...#.##........#
K.K.K.#...)))..yy...#
#.#.#.....##....@...#
..........##.####...#######
.#.#......##.# #.........#
.......#.###.# #...###.....
..#....#.# #.# #...###.####
.....<.... ..# #<.(......
.###..##.##### #######.##
... >.# .##. ###


You could see 2 killer bees.

Vanquished Creatures
  Sigmund (D:2)
  Eustachio (D:5)
  A water moccasin (Sewer)
  3 ogres
  A phantom (D:4)
  A kobold brigand (D:6)
  A bullfrog (D:5)
  2 killer bees (D:6)
  2 orc priests (D:4)
  Crazy Yiuf (D:5)
  2 hounds (D:4)
  A gnoll bouda (D:4)
  2 iguanas
  4 orc wizards
  12 adders
  7 gnolls (D:4)
  An ufetubus (D:5)
  4 worms
  A dart slug (D:4)
  9 orcs
  6 endoplasms
  6 giant cockroaches
  9 goblins
  13 hobgoblins
  4 jackals (D:1)
  2 quokkas
  11 ball pythons
  8 bats
  A frilled lizard (D:1)
  11 kobolds
  4 rats
132 creatures vanquished.

Vanquished Creatures (others)
  168 foxfires
  9 plants (D:2)
177 creatures vanquished.

Grand Total: 309 creatures vanquished

Notes
Turn   | Place    | Note
-------+----------+-------------------------------------------
     0 | D:1      | wormed the Gnoll Fire Elementalist began the quest for the
                  | Orb.
     0 | D:1      | Reached XP level 1. HP: 13/13 MP: 6/6
   409 | D:1      | Reached XP level 2. HP: 16/19 MP: 3/7
   529 | D:1      | Found a faded altar of an unknown god.
   946 | D:1      | Learned a level 2 spell: Scorch
  1003 | D:1      | Reached skill level 5 in Spellcasting
  1003 | D:1      | Reached XP level 3. HP: 25/25 MP: 5/9
  1132 | D:1      | You fall into a shaft and drop 1 floor!
  1143 | D:2      | Noticed Sigmund
  1206 | D:2      | Reached skill level 1 in Invocations
  1886 | D:2      | Reached skill level 1 in Fighting
  1886 | D:2      | Reached skill level 1 in Short Blades
  1886 | D:2      | Reached skill level 1 in Long Blades
  1886 | D:2      | Reached skill level 1 in Axes
  1886 | D:2      | Reached skill level 1 in Maces & Flails
  1886 | D:2      | Reached skill level 1 in Polearms
  1886 | D:2      | Reached skill level 1 in Staves
  1886 | D:2      | Reached skill level 1 in Ranged Weapons
  1886 | D:2      | Reached skill level 1 in Throwing
  1886 | D:2      | Reached skill level 1 in Armour
  1886 | D:2      | Reached skill level 1 in Shields
  1886 | D:2      | Reached skill level 1 in Unarmed Combat
  1886 | D:2      | Reached skill level 1 in Evocations
  1948 | D:2      | Reached XP level 4. HP: 25/32 MP: 3/11
  2191 | D:2      | Reached skill level 1 in Hexes
  2191 | D:2      | Reached skill level 1 in Summonings
  2191 | D:2      | Reached skill level 1 in Necromancy
  2191 | D:2      | Reached skill level 1 in Translocations
  2191 | D:2      | Reached skill level 1 in Transmutations
  2191 | D:2      | Reached skill level 1 in Ice Magic
  2191 | D:2      | Reached skill level 1 in Air Magic
  2191 | D:2      | Reached skill level 1 in Earth Magic
  2191 | D:2      | Reached skill level 1 in Poison Magic
  3240 | D:3      | Reached XP level 5. HP: 37/37 MP: 9/12
  3828 | D:2      | Killed Sigmund
  3829 | D:2      | Reached skill level 5 in Dodging
  3829 | D:2      | Reached XP level 6. HP: 44/44 MP: 7/14
  4281 | D:4      | Reached XP level 7. HP: 50/50 MP: 5/15
  4305 | D:4      | HP: 1/51 [something (4)]
  4996 | D:4      | Reached skill level 5 in Stealth
  5705 | D:5      | Entered Level 5 of the Dungeon
  5993 | D:5      | Noticed Eustachio
  5998 | D:5      | Killed Eustachio
  5999 | D:5      | Reached XP level 8. HP: 58/58 MP: 7/16
  6146 | D:5      | Found a glowing drain.
  6156 | Sewer    | Entered a sewer
  6954 | D:5      | Found a runed translucent door.
  6955 | D:5      | Noticed Crazy Yiuf
  7145 | D:5      | Killed Crazy Yiuf
  7244 | D:6      | Found a staircase to the Ecumenical Temple.
  7307 | D:6      | HP: 1/60 [killer bee (5)]
  7308 | D:6      | Succumbed to a killer bee's poison

Illustrated notes

Levels and vault maps discovered:
D:1:      dpeg_arrival_tiny_h, layout_basic, chequers_ecumenical_altar_grove,
          minmay_vboxes
D:2:      layout_loops_ring, serial_bayou_ford_a, uniq_sigmund
D:3:      layout_loops_ring
D:4:      layout_loops_ring, corner_web_ring, corexii_leaking_fountain
D:5:      layout_cave_pools, serial_column_ruins, column_ruins_hut,
          column_ruins_open_small, column_ruins_grid_1,
          column_ruins_columns_straight, column_ruins_open_medium,
          column_ruins_grid_1, column_ruins_columns_corner,
          portal_sewer_entry_d, uniq_eustachio, uniq_crazy_yiuf_cottage
D:6:      layout_loops_cross, hangedman_ru_absence,
          minmay_temple_entry_sparse_star, uniq_edmund

Skill      XL: |  1  2  3  4  5  6  7  8 |
---------------+-------------------------+-----
Conjurations   | 2 3 |  3.8
Spellcasting   | 5 6 |  6.3
Invocations    | 1 2 3 4 |  4.2
Fighting       | 1 2 3 |  3.8
Short Blades   | 1 2 3 |  3.8
Long Blades    | 1 2 3 |  3.8
Axes           | 1 2 3 |  3.8
Maces & Flails | 1 2 3 |  3.8
Polearms       | 1 2 3 |  3.8
Staves         | 1 2 3 |  3.8
Ranged Weapons | 1 2 3 |  3.8
Throwing       | 1 2 3 |  3.8
Armour         | 1 2 3 |  3.8
Shields        | 1 2 3 |  3.8
Unarmed Combat | 1 2 3 |  3.8
Evocations     | 1 2 3 |  3.8
Hexes          | 1 2 3 |  3.1
Summonings     | 1 2 3 |  3.1
Necromancy     | 1 2 3 |  3.1
Translocations | 1 2 3 |  3.1
Transmutations | 1 2 3 |  3.1
Ice Magic      | 1 2 3 |  3.1
Air Magic      | 1 2 3 |  3.1
Earth Magic    | 1 2 3 |  3.1
Poison Magic   | 1 2 3 |  3.1
Dodging        | 5 6 |  6.0
Stealth        | 5 |  5.7
Fire Magic     | 6 |  6.3

Action                   |  1- 3 |  4- 6 |  7- 9 || total
-------------------------+-------+-------+-------++-------
Melee: Dagger            |    12 |    10 |    18 ||    40
       Bite              |     1 |     1 |     4 ||     6
       Unarmed           |     1 |       |       ||     1
       Rapier            |       |       |     9 ||     9
 Cast: Foxfire           |    30 |    21 |    44 ||    95
       Scorch            |    13 |    51 |    73 ||   137
  Use: Potion            |       |       |     2 ||     2
       Scroll            |       |       |     5 ||     5
Armor: Robe              |    14 |     6 |    33 ||    53
Dodge: Dodged            |    55 |    11 |    75 ||   141
